 Dungeon Crawl Stone Soup version 0.31-a0-236-g9a0961fb85 (webtiles) character file.

Game seed: 15879933689621910374

63 qw the Shooter (level 4, -4/26 HPs)
             Began as a Gargoyle Hexslinger on July 10, 2023.
             Slain by Ijyb
             ... wielding a +10 club
              (7 damage)
             ... on level 3 of the Dungeon.
             The game lasted 00:00:33 (1469 turns).

qw the Shooter (Gargoyle Hexslinger)                Turns: 1469, Time: 00:00:34

Health: -4/26      AC:  9    Str: 11 (12) XL:     4   Next: 10%
Magic:  5/5        EV: 10    Int: 11 (13) God:
Gold:   86         SH:  0    Dex: 12 (14) Spells: 4/5 levels left

rFire   . . .        Y - +1 sling
rCold   . . .        (no shield)
rNeg    + . .        i - +0 ring mail
rPois   inf          (no helmet)
rElec   +            g - +0 cloak
rCorr   .            (no gloves)
SInv    .            (no boots)
Will    .....        (no amulet)
Stlth   +            (no ring)
HPRegen 0.24/turn    (no ring)
MPRegen 0.09/turn

%: no passive effects
@: no status effects
A: sickness immunity, AC +3, negative energy resistance 1, electricity
resistance, torment resistance 1, petrification resistance
a: no special abilities


You were on level 3 of the Dungeon.
You visited 1 branch of the dungeon, and saw 3 of its levels.

You collected 86 gold pieces.


Innate Abilities, Weirdness & Mutations

You are immune to sickness and miasma.
Your stone body is resilient. (AC +3)
You are immune to poison.
You resist negative energy. (rN+)
You are resistant to electric shocks. (rElec)
You are resistant to unholy torment.
You are immune to petrification.


   Skills:
 - Level 2.0 Fighting
 + Level 3.7 Ranged Weapons
 - Level 1.1 Armour
 - Level 1.5 Dodging
 - Level 1.0 Spellcasting
 - Level 2.6 Hexes


You had 4 spell levels left.
You knew the following spells:

 Your Spells              Type           Power      Damage    Failure   Level
a - Slow                  Hex            24%        N/A       26%         1

Your spell library contained the following spells:

 Spells                   Type           Power      Damage    Failure   Level
 Inner Flame              Hex/Fire       3%         N/A       78%         3
 Portal Projectile        Hex/Tloc       6%         N/A       78%         3
 Cause Fear               Hex            3%         N/A       94%         4

Inventory:

Hand Weapons
 Y - a +1 sling (weapon)
Armour
 g - a +0 cloak (worn)
 i - a +0 ring mail (worn)
Scrolls
 a - a scroll of identify
Potions
 d - a potion of might {unknown}
 k - a potion of attraction {unknown}
 l - a potion of enlightenment {unknown}

Dungeon Overview and Level Annotations

Branches:
Dungeon (3/15)

Altars:
Trog

Annotations:
D:3 Ijyb


Message History

The orc hits you but does no damage.
You shoot a sling bullet. The sling bullet hits the orc.
The orc is heavily wounded.
The orc hits you but does no damage. x2
You shoot a sling bullet. The sling bullet hits the orc.
The orc is almost dead.
You shoot a sling bullet. The sling bullet hits the orc.
You kill the orc!
The orc barely misses you.
You shoot a sling bullet. The sling bullet barely misses the orc.
The orc closely misses you. The orc hits you with a +0 short sword.
You shoot a sling bullet. The sling bullet hits the orc.
You kill the orc!
You start resting.
HP restored.
Items here: %% )) [[.
Found a stone staircase leading down.
Things that are here:
a +0 short sword; an orc corpse
Found a stone staircase leading down.
Ijyb the Twisted Goblin comes into view.
She is wielding a +10 club and carrying a wand of acid (8).
Ijyb shouts!
You shoot a sling bullet. The sling bullet hits Ijyb.
Ijyb is lightly wounded.
Ijyb zaps a wand.
The bolt of acid hits you!
You shoot a sling bullet. The sling bullet hits Ijyb.
Ijyb is moderately wounded.
You shoot a sling bullet.
The sling bullet hits Ijyb but does no damage.
Ijyb is moderately wounded.
You shoot a sling bullet. The sling bullet barely misses Ijyb.
You shoot a sling bullet.
The sling bullet hits Ijyb but does no damage.
Ijyb is moderately wounded.
Ijyb hits you with a +10 club!
Ijyb zaps a wand.
The bolt of acid hits you.
You shoot a sling bullet.
The sling bullet hits Ijyb but does no damage.
Ijyb is moderately wounded.
Ijyb hits you with a +10 club!
You die...

### .># ...
#.# #.#
######.#####
#....g@....#
...####.###.#
#.# #.# #.#
#.# #.# #.#
#.#


You could see Ijyb.

Vanquished Creatures
  2 adders (D:3)
  A gnoll (D:1)
  3 orcs (D:3)
  6 endoplasms
  A giant cockroach (D:3)
  2 goblins
  3 hobgoblins
  5 kobolds (D:1)
  3 ball pythons
  2 bats (D:1)
  4 rats
32 creatures vanquished.

Notes
Turn   | Place    | Note
-------+----------+-------------------------------------------
     0 | D:1      | qw the Gargoyle Hexslinger began the quest for the Orb.
     0 | D:1      | Reached XP level 1. HP: 12/12 MP: 2/2
     0 | D:1      | 0 ||| qw: Version: 0.3-a-52-g30416fa
     0 | D:1      | 0 ||| qw: Game counter: 4610
     0 | D:1      | 0 ||| qw: Melee chars always use a shield: true
     0 | D:1      | 0 ||| qw: God list: Okawaru
     0 | D:1      | 0 ||| qw: Allow faded altars: false
     0 | D:1      | 0 ||| qw: Do Orc after clearing Dungeon:15 true
     0 | D:1      | 0 ||| qw: Do second Lair branch before Depths: true
     0 | D:1      | 0 ||| qw: Lair rune preference: random
     0 | D:1      | 0 ||| qw: Goals: Normal
     0 | D:1      | 0 ||| PLANNING D:1-11
   104 | D:1      | Reached XP level 2. HP: 16/16 MP: 3/3
   105 | D:1      | Reached skill level 3 in Ranged Weapons
   213 | D:1      | Reached XP level 3. HP: 21/21 MP: 4/4
   465 | D:1      | 465 ||| UPGRADING to +0 cloak.
   470 | D:1      | 470 ||| READING 2 scrolls labelled CALAD TEIJE.
   471 | D:1      | 471 ||| READING scroll labelled GOLEER NIAWUX.
   472 | D:1      | 472 ||| DROPPING scroll of poison.
   623 | D:2      | Found a bloodstained altar of Trog.
   961 | D:2      | 961 ||| UPGRADING to +0 ring mail.
   971 | D:2      | 971 ||| DROPPING +0 robe.
   972 | D:2      | 972 ||| READING scroll labelled YTWUFO FELIZASCH.
   973 | D:2      | 973 ||| READING scroll labelled ORIDGH GYEFYTI.
   978 | D:2      | 978 ||| READING scroll labelled HAEGEC RAERIPT.
   979 | D:2      | 979 ||| DRINKING 3 white potions.
   980 | D:2      | 980 ||| READING 2 scrolls of identify.
   980 | D:2      | 980 ||| IDENTIFYING inky potion
   981 | D:2      | 981 ||| DROPPING potion of ambrosia.
   982 | D:2      | 982 ||| DROPPING 2 potions of degeneration.
  1037 | D:3      | Reached skill level 1 in Armour
  1104 | D:3      | HP: 2/21 [frozen (4)]
  1338 | D:3      | Reached XP level 4. HP: 23/26 MP: 5/5
  1463 | D:3      | Noticed Ijyb
  1468 | D:3      | HP: 3/26 [Ijyb/bolt of acid (5)]
  1469 | D:3      | Slain by Ijyb

Levels and vault maps discovered:
D:1:      matt_arrival_los_fun, layout_basic
D:2:      layout_loops_cross, basic_altar
D:3:      layout_basic, uniq_ijyb

Skill      XL: |  1  2  3 |
---------------+----------+-----
Ranged Weapons | 3 |  3.7
Fighting       | 2 |  2.0
Armour         | 1 |  1.1
Dodging        | |  1.5
Spellcasting   | |  1.0
Hexes          | |  2.6

Action                     |  1- 3 |  4- 6 || total
---------------------------+-------+-------++-------
   Fire: Sling             |   102 |    22 ||   124
    Use: Scroll            |     6 |       ||     6
         Potion            |     1 |       ||     1
 Armour: Robe              |     9 |       ||     9
         Ring mail         |    10 |     4 ||    14
  Dodge: Dodged            |    37 |     5 ||    42

Table legend:
 A = Non-vault XP
 B = Vault XP
 C = Vault XP percentage of total XP
 D = Non-vault monster count
 E = Vault monster count
 F = Vault count percentage of total count
                 A         B        C        D         E       F
            +---------+---------+-------+---------+---------+-------
      Total |      91 |       0 |   0.0 |      32 |       0 |   0.0
            +---------+---------+-------+---------+---------+-------
        D:1 |      36 |       0 |   0.0 |      14 |       0 |   0.0
        D:2 |       8 |       0 |   0.0 |       7 |       0 |   0.0
        D:3 |      47 |       0 |   0.0 |      11 |       0 |   0.0
            +---------+---------+-------+---------+---------+-------
